[Event "MČR juniorů a juniorek v rapid šachu 2024"]
[Site "Hotel Fit Fun, Harrachov, Czech Republic"]
[Date "2024.09.21"]
[Round "6.18"]
[White "Koranda Kosma"]
[Black "Urbansky Stepan"]
[Result "0-1"]
[TimeControl "20+5"]
[WhiteFideId "23772948"]
[BlackFideId "23761741"]
[WhiteElo "1884"]
[BlackElo "1837"]

1. e4 c5 2. Nf3 d6 3.
Bb5+ Nd7 4. d4 cxd4 5. Nxd4 Ngf6 6.
Nc3 e6 7. O-O Be7 8. Be3 O-O 9. Be2 Nc5 10. Bf3 e5 11. Ndb5 a6 12. Na3 b5 13. Nd5 Nfxe4 14.
Nxe7+ Qxe7 15. Bxc5 dxc5 16. Bxe4 Rb8 17. Qh5 g6 18. Qh6 f5 19. Bd3 c4 20. Be2 e4 21. f3 Qc5+ 22. Kh1 Bb7 23.
fxe4 Bxe4 24. Bf3 Qb4 25. Rad1 Rbd8 26. Qc1 Qa4 27. Rxd8 Rxd8 28. Rd1 Rxd1+ 29. Qxd1 c3 30. Qd8+ Kg7 31.
Qe7+ Kh6 32. Qf8+ Kg5 33. h4+ Kxh4 34. Qh6+ Kg3 35. Qg5+ Kf2 36. Qh4+ Kf1 37. Qh2 Bxf3 38. gxf3 cxb2 39.
Qg1+ Ke2 40. Nb1 Qh4+ 41. Qh2+ Qxh2+ 42. Kxh2 Kd1 43. Na3 Kc1 44. Kg3 b1=Q 45. Nxb1 Kxb1 46. a4 bxa4 47. c4 a3 48. c5 a2 49. c6 a1=Q 50. c7 Qc3 0-1



[ePGN "0.1;DGT LiveChess/2.2.6"]

[Event "MČR juniorů a juniorek v rapid šachu 2024"]
[Site "Hotel Fit Fun, Harrachov, Czech Republic"]
[Date "2024.09.21"]
[Round "6.19"]
[White "Siles Jan"]
[Black "Hyam Robin"]
[Result "1-0"]
[TimeControl "20+5"]
[WhiteFideId "23715405"]
[BlackFideId "23773413"]
[WhiteElo "1873"]
[BlackElo "1571"]

1. d4 f5 2. b3 Nf6 3. Bb2 g6 4. g3 Bg7 5. Bg2 O-O 6. Nd2 d6 7. Ngf3 Qe8 8. O-O Nc6 9. Re1 e5 10. dxe5 dxe5 11. e4 fxe4 12.
Ng5 Bg4 13. Qb1 Rd8 14. Ndxe4 Nxe4 15. Nxe4 Qf7 16. Ba3 Rfe8 17. Bf1 Nd4 18. Ng5 Nf3+ 19. Nxf3 Bxf3 20. Qc1 Bc6 21. Bc4 Bd5 22.
Bxd5 Rxd5 23. Qe3 b6 24. Bb2 e4 25. Bxg7 Kxg7 26. Rad1 Rde5 27. Rd4 Qf3 28. Rd7+ Kg8 29. Rxc7 Qg4 30.
Rxa7 Qh3 31. Qc3 Qh6 32. Qc7 R5e7 33. Qxb6 e3 34. Rxe7 Rxe7 35. Rxe3 Rxe3 36. Qxe3 Qxe3 37. fxe3 1-0



[ePGN "0.1;DGT LiveChess/2.2.6"]

[Event "MČR juniorů a juniorek v rapid šachu 2024"]
[Site "Hotel Fit Fun, Harrachov, Czech Republic"]
[Date "2024.09.21"]
[Round "6.2"]
[White "Hak David"]
[Black "Rybackova Lucie"]
[Result "1-0"]
[TimeControl "20+5"]
[WhiteFideId "377007"]
[BlackFideId "23739207"]
[WhiteElo "2103"]
[BlackElo "1933"]

1. d4 Nf6 2. c4 g6 3.
Nc3 d5 4. Nf3 Bg7 5. h4 h5 6. Bg5 c6 7. e3 O-O 8. Be2 Ne4 9. Nxe4 dxe4 10. Nd2 Bf5 11.
g4 hxg4 12. Bxg4 Qd7 13. Bxf5 Qxf5 14. Qc2 e5 15. dxe5 Qxe5 16. O-O-O Na6 17. Bf4 Qa5 18. a3 Nc5 19. Nxe4 Na4 20.
b4 Qa6 21. h5 Nc3 22. Nxc3 Qxa3+ 23. Qb2 Qxc3+ 24. Qxc3 Bxc3 25. Rdg1 Rfe8 26. hxg6 fxg6 27. Rxg6+ Kf7 28. Rd6 Bg7 29.
Rg1 Bf6 30. Rh1 Bg7 31. Rd7+ Re7 32. Rxe7+ Kxe7 33. Rh7 Kf6 34. Be5+ Kxe5 35. Rxg7 b6 36. Rg6 Rc8 37. Kc2 Kf5 38.
Rg7 a5 39. bxa5 bxa5 40. Ra7 Ke4 41.
Kd2 Rf8 42. Ke2 Rb8 43. f3+ Ke5 44. Rxa5+ Kd6 45. Kd3 Rb3+ 46. Ke4 Rc3 47. Kd4 Rc1 48. f4 Rd1+ 49. Ke4 Rc1 50. c5+ Ke6 51. Kd3 Rd1+ 52. Ke2 Rc1 53. e4 Rc3 54. Kd2 Rf3 55. Ra6 Rxf4 56. Rxc6+ Kd7 57.
Rd6+ Kc7 58. Kd3 Rf1 59. Kd4 Rd1+ 60.
Ke5 Rc1 61. Rd5 Rf1 62. Ke6 Rf8 63.
Ke7 Rf4 64. e5 Rf5 65. Rd7+ Kc6 66. e6 Kxc5 67. Ke8 Kc6 68. e7 Rf1 69. Kd8 Ra1 70. e8=Q Ra8+ 71. Ke7 1-0



[ePGN "0.1;DGT LiveChess/2.2.6"]

[Event "MČR juniorů a juniorek v rapid šachu 2024"]
[Site "Hotel Fit Fun, Harrachov, Czech Republic"]
[Date "2024.09.21"]
[Round "6.20"]
[White "Dorazilova Kristyna"]
[Black "Hosova Sandra"]
[Result "0-1"]
[TimeControl "20+5"]
[WhiteFideId "23739142"]
[BlackFideId "397717"]
[WhiteElo "1771"]
[BlackElo "1847"]

1. e4 c5 2. Nc3 Nc6 3. Bb5 g6 4. Bxc6 bxc6 5. f4 Bg7 6. Nf3 d6 7. d3 Nf6 8. O-O O-O 9. Qe1 Nd7 10. Qh4 e5 11. Qg3 Qe7 12.
f5 Nf6 13. Qh4 gxf5 14. exf5 Bxf5 15. Bg5 Qe6 16. Nd2 Nd5 17. Nce4 Bxe4 18. Nxe4 f5 19. Nf2 Rf7 20. Bd2 Rf6 21.
Nh3 Qe7 22. Bg5 Qf7 23. Bxf6 Bxf6 24. Qg3+ Bg7 25. Ng5 Qg6 26. Nf3 Qf6 27. Qh4 Qg6 28. Qg5 Qf7 29. Nh4 f4 30. Nf5 Kh8 31.
Nxd6 Qe6 32. Ne4 Bh6 33. Qh4 Rg8 34. Kh1 Ne3 35. Rf2 Ng4 36. Rff1 Ne3 37. Rg1 Bf8 38. Qf6+ Qxf6 39. Nxf6 Rg6 40. Nd7 Be7 41. Nxe5 Re6 42. Nc4 Nxc2 43. Rgf1 Nxa1 44. Rxa1 Re2 45. Rf1 Bf6 46. Rb1 Kg7 47.
Kg1 Bd4+ 48. Kh1 Kf6 49. Rf1 Kg5 50.
h4+ Kg4 51. Na5 Rxb2 52. Nxc6 Rxa2 53. Kh2 Be3 54. Ne5+ Kxh4 55. Nf3+ Kg4 56. Ne5+ Kf5 57. Nc4 Ke6 58. Kh3 a5 59.
Re1 Kd5 60. g3 Bf2 61. Re5+ Kd4 62. Re4+ Kxd3 63. Rxf4 Bd4 64. Ne5+ Bxe5 65. Rf3+ Kd4 66. Rf8 a4 67. Rd8+ Kc4 68. Re8 Bd4 69. Ra8 a3 70. Ra4+ Kb3 71. Ra8 Re2 72. Kg4 a2 73. Rb8+ Kc4 0-1



[ePGN "0.1;DGT LiveChess/2.2.6"]

[Event "MČR juniorů a juniorek v rapid šachu 2024"]
[Site "Hotel Fit Fun, Harrachov, Czech Republic"]
[Date "2024.09.21"]
[Round "6.21"]
[White "Nespora Tatana"]
[Black "Stary Simon"]
[Result "0-1"]
[TimeControl "20+5"]
[WhiteFideId "392286"]
[BlackFideId "23734353"]
[WhiteElo "1697"]
[BlackElo "1866"]

1. e4 c5 2. Nf3 d6 3. d4 cxd4 4.
Nxd4 Nf6 5. Nc3 a6 6. f3 e5 7. Nb3 Be6 8. Be3 h5 9. Qd2 Be7 10. O-O-O Nbd7 11. h3 h4 12. Bg5 b5 13. Bxf6 Nxf6 14. Nd5 Nxd5 15. Qe1 Nf4 16. g3 hxg3 17.
Qxg3 g6 18. Nd2 Rc8 19. Kb1 Qc7 20. Rc1 Qa5 21. Nb3 Qb6 22. Nd2 a5 23. c4 b4 24. c5 Rxc5 25. Bc4 Bxc4 26. Nxc4 Qc7 27.
Ne3 Rxc1+ 28. Rxc1 Qxc1+ 29. Kxc1 Ne2+ 0-1



[ePGN "0.1;DGT LiveChess/2.2.6"]

[Event "MČR juniorů a juniorek v rapid šachu 2024"]
[Site "Hotel Fit Fun, Harrachov, Czech Republic"]
[Date "2024.09.21"]
[Round "6.22"]
[White "Ret Adam Josef"]
[Black "Fousek Petr"]
[Result "1-0"]
[TimeControl "20+5"]
[WhiteFideId "384240"]
[BlackFideId "23736003"]
[WhiteElo "2038"]
[BlackElo "1731"]

1. c4 Nf6 2. g3 g6 3.
Bg2 Bg7 4. d4 d6 5. Nc3 Nbd7 6.
Nf3 O-O 7. O-O e5 8. e3 c6 9. b3 Qc7 10. a4 Re8 11. Ba3 Nh5 12. Rc1 f5 13. dxe5 dxe5 14. Qe2 e4 15. Nd4 Ne5 16. Rcd1 Nd3 17.
f3 exf3 18. Bxf3 Bxd4 19. Rxd3 Bg7 20. Bxh5 gxh5 21. Qxh5 Be6 22. Ne2 Bf7 23. Qg5 Re4 24. Bd6 Qb6 25. c5 Qa6 26. Rfd1 Rae8 27.
Nf4 Kh8 28. Qxf5 Rxe3 29. Rxe3 Rxe3 30. Qxf7 h6 31. Bf8 Bxf8 32. Qxf8+ Kh7 33. Rd7+ Re7 34. Rxe7# 1-0



[ePGN "0.1;DGT LiveChess/2.2.6"]

[Event "MČR juniorů a juniorek v rapid šachu 2024"]
[Site "Hotel Fit Fun, Harrachov, Czech Republic"]
[Date "2024.09.21"]
[Round "6.23"]
[White "Pejrimovsky Tadeas Rubel"]
[Black "Budil Vaclav"]
[Result "1/2-1/2"]
[TimeControl "20+5"]
[WhiteFideId "23709537"]
[BlackFideId "23776226"]
[WhiteElo "1895"]
[BlackElo "1697"]

1. e4 c5 2. Nc3 Nc6 3. f4 g6 4.
Nf3 d6 5. Bb5 Bg4 6. O-O Bg7 7. d3 e6 8. Bxc6+ bxc6 9. h3 Bxf3 10. Qxf3 Ne7 11. f5 exf5 12. exf5 f6 13. fxg6 hxg6 14.
Ne4 Rf8 15. Qg3 d5 16. Nxc5 Qb6 17. Be3 Qxb2 18. Ne6 Kf7 19. Nxf8 Rxf8 20. Qf2 Kg8 21. Bc5 Re8 22. Rfe1 f5 23.
Kh1 Qb7 24. Qe2 Bxa1 25. Bxe7 Qd7 26. Rxa1 Qxe7 27. Qf2 Qg7 28. Re1 Rxe1+ 29. Qxe1 Kf7 30. c3 Qf6 31. d4 Qd6 32. g3 c5 33.
Kg2 Qc7 34. Qd2 Qc6 35. Qe3 cxd4 36.
Qxd4 Qb7 37. Kf3 g5 38. a4 Ke6 39. Qe3+ Kf6 40. Qd4+ Ke6 41. Qe3+ Kf6 42. Qd4+ 1/2-1/2



[ePGN "0.1;DGT LiveChess/2.2.6"]

[Event "MČR juniorů a juniorek v rapid šachu 2024"]
[Site "Hotel Fit Fun, Harrachov, Czech Republic"]
[Date "2024.09.21"]
[Round "6.24"]
[White "Zadrapova Amalie"]
[Black "Vratil Tomas"]
[Result "1-0"]
[TimeControl "20+5"]
[WhiteFideId "23710276"]
[BlackFideId "23756870"]
[WhiteElo "1891"]
[BlackElo "1671"]

1. e4 c6 2. d4 d5 3. exd5 cxd5 4.
c4 Nf6 5. Nc3 Bf5 6. Bg5 e6 7. Nf3 Be7 8. c5 O-O 9. Be2 a6 10. O-O b6 11. b4 Nc6 12. a3 Ne4 13. Bxe7 Qxe7 14.
Na4 bxc5 15. bxc5 Qf6 16. Re1 g5 17. Nb6 Ra7 18. Qa4 Ne7 19. Nd7 Rxd7 20. Qxd7 g4 21. Ne5 Ng6 22. c6 Nh4 23.
c7 Nxf2 24. c8=Q Nh3+ 25. gxh3 gxh3 26. Qxf8+ Kxf8 27. Qxf7+ Qxf7 28. Nxf7 1-0



[ePGN "0.1;DGT LiveChess/2.2.6"]

[Event "MČR juniorů a juniorek v rapid šachu 2024"]
[Site "Hotel Fit Fun, Harrachov, Czech Republic"]
[Date "2024.09.21"]
[Round "6.25"]
[White "Husa Daniel"]
[Black "Martinkovicova Nela"]
[Result "1-0"]
[TimeControl "20+5"]
[WhiteFideId "393487"]
[BlackFideId "23715596"]
[WhiteElo "1866"]
[BlackElo "1446"]

1. d4 Nf6 2. Nf3 g6 3. c4 Bg7 4. g3 O-O 5. Bg2 d6 6. Nc3 Bf5 7. Nh4 Nbd7 8. e4 Bxe4 9. Nxe4 e5 10. O-O h5 11. Bg5 Re8 12.
Re1 a6 13. Qf3 exd4 14. Nxf6+ Bxf6 15. Rxe8+ Qxe8 16. Bxf6 1-0



[ePGN "0.1;DGT LiveChess/2.2.6"]

[Event "MČR juniorů a juniorek v rapid šachu 2024"]
[Site "Hotel Fit Fun, Harrachov, Czech Republic"]
[Date "2024.09.21"]
[Round "6.26"]
[White "Pes Matej"]
[Black "Dobsa Emma"]
[Result "0-1"]
[TimeControl "20+5"]
[WhiteFideId "23766816"]
[BlackFideId "23709391"]
[WhiteElo "1697"]
[BlackElo "1830"]

1. f4 d5 2. Nf3 Bg4 3. e3 Nc6 4. d4 Nf6 5. Nbd2 e6 6. c3 h6 7. Bd3 Qd7 8. O-O Bd6 9. Qe1 O-O-O 10. Ne5 Bxe5 11. fxe5 Ne8 12. e4 f6 13. exf6 gxf6 14. Nb3 e5 15. Nc5 Qe7 16. exd5 Rxd5 17. Qe4 Be6 18. Nxe6 Qxe6 19.
Bc4 Ne7 20. Bxd5 Nxd5 21. Qf5 Qxf5 22.
Rxf5 Nd6 23. Rh5 Nf7 24. Bd2 Ne7 25. dxe5 Nxe5 26. Rxh6 Rd8 27. Bf4 N5g6 28. Bg3 f5 29. Rh7 Nd5 30.
c4 f4 31. Bh4 Nxh4 32. Rxh4 Ne3 33. Rxf4 Rd2 34. Re1 Nxg2 35. Rf8+ Kd7 36. Ree8 Rxb2 37. Rd8+ Kc6 38. Rf2 Rxf2 39. Kxf2 Nf4 40. Kg3 Nh5+ 41.
Kg4 Nf6+ 42. Kf5 Nd7 43. Rxd7 Kxd7 44. Kf6 c5 45. h4 b5 46. h5 bxc4 47. h6 c3 48. h7 c2 49. h8=Q c1=Q 50. Qg7+ Kc6 51. Qg2+ Kb6 52.
Ke5 Qe3+ 53. Kd6 Qd4 54. Ke6 Qc4 55. Ke5 Qb5 56. Qg8 Qb2+ 57. Ke4 Qe2+ 58. Kf4 Qf2+ 59. Ke4 Qe2+ 60. Kf4 Qf2+ 61.
Ke4 Qd4+ 62. Kf3 Qf6+ 63. Ke3 Qe7+ 64. Kd2 Qd6+ 65. Kc2 Ka5 66. Qh7 a6 67. Qg7 Qh2+ 68. Kb3 Qh3+ 69. Kc2 Qf5+ 70.
Kc3 Qf4 71. Qb7 Qb4+ 72. Qxb4+ cxb4+ 73. Kb3 Kb5 74. Kb2 Ka4 75. Kb1 Ka3 76. Ka1 a5 77. Kb1 a4 78. Ka1 b3 0-1



[ePGN "0.1;DGT LiveChess/2.2.6"]

[Event "MČR juniorů a juniorek v rapid šachu 2024"]
[Site "Hotel Fit Fun, Harrachov, Czech Republic"]
[Date "2024.09.21"]
[Round "6.27"]
[White "Marxova Sarka"]
[Black "Stastna Martina"]
[Result "0-1"]
[TimeControl "20+5"]
[WhiteFideId "23701862"]
[BlackFideId "385123"]
[WhiteElo "1684"]
[BlackElo "1801"]

1. e4 e5 2. Nf3 Nc6 3. Bb5 a6 4. Ba4 Nf6 5. O-O b5 6. Bb3 Be7 7. Re1 d6 8. c3 O-O 9. d4 exd4 10.
cxd4 Bg4 11. d5 Ne5 12. Nbd2 h6 13. h3 Bh5 14. Re3 Nh7 15. Qc2 Bf6 16. a3 Qd7 17. Ba2 Rac8 18. Rb1 c5 19. b3 Ng5 20. Kh2 Nexf3+ 21. Nxf3 Bxf3 22. Rxf3 Nxf3+ 23. gxf3 Rfe8 24. Bb2 Bxb2 25. Qxb2 Re5 26. Rg1 f6 27. Rg3 Rce8 28. Qd2 Rg5 29. Bb1 Rxg3 30. fxg3 c4 31. bxc4 bxc4 32. Qc3 Qb5 33. Ba2 Rc8 34. Kg2 Qc5 35. h4 a5 36.
f4 f5 37. Bb1 Rb8 38. Ba2 fxe4 39. Qxc4 Rb2+ 40. Kh1 Qxc4 41. Bxc4 Rb1+ 42. Kg2 Ra1 43. Kf2 Rxa3 44. g4 Rf3+ 45.
Kg2 Rxf4 46. Kg3 Rf3+ 47. Kg2 a4 48. Ba2 a3 49. g5 Rd3 50. Bb1 Rd2+ 51. Kg3 Rb2 52. Bxe4 a2 0-1



[ePGN "0.1;DGT LiveChess/2.2.6"]

[Event "MČR juniorů a juniorek v rapid šachu 2024"]
[Site "Hotel Fit Fun, Harrachov, Czech Republic"]
[Date "2024.09.21"]
[Round "6.28"]
[White "Stara Zuzana"]
[Black "Horvath Michal"]
[Result "1-0"]
[TimeControl "20+5"]
[WhiteFideId "23733543"]
[WhiteElo "1796"]
[BlackElo "1000"]

1. e4 c6 2. d4 d5 3. exd5 cxd5 4. Bd3 Nc6 5. c3 Bf5 6. Bxf5 e6 7. Bd3 Bd6 8. Nf3 Nf6 9. O-O Qc7 10.
Bg5 O-O-O 11. Nbd2 h6 12. Bh4 g5 13. Bg3 Rdg8 14. c4 h5 15. Bxd6 Qxd6 16. Re1 h4 17. Ne5 Qc7 18. Qf3 Nxe5 19.
dxe5 Nh5 20. cxd5 Kd8 21. dxe6 fxe6 22. Bb5 g4 23. Qd3+ Ke7 24. Rac1 Qxc1 25. Rxc1 Kf7 26. Rc7+ Kf8 27.
Qd8# 1-0



[ePGN "0.1;DGT LiveChess/2.2.6"]

[Event "MČR juniorů a juniorek v rapid šachu 2024"]
[Site "Hotel Fit Fun, Harrachov, Czech Republic"]
[Date "2024.09.21"]
[Round "6.29"]
[White "Housa Jan"]
[Black "Lebeda Frantisek Jiri"]
[Result "1-0"]
[TimeControl "20+5"]
[WhiteFideId "23736356"]
[WhiteElo "1788"]
[BlackElo "1000"]

1. d4 Nf6 2. c4 e6 3. Nf3 d5 4. g3 Bb4+ 5. Bd2 Bxd2+ 6. Nbxd2 O-O 7. Bg2 c6 8. O-O Nbd7 9. Qc2 b6 10.
e4 dxe4 11. Nxe4 Qc7 12. Nxf6+ Nxf6 13. b4 Bb7 14. c5 bxc5 15. dxc5 h6 16. Rfd1 Rfd8 17. Nd2 Nd5 18. Qb2 a5 19.
a3 Ba6 20. Ne4 Rab8 21. Nd6 axb4 22. Bxd5 cxd5 23. axb4 Bb5 24. Ra5 Rxd6 25. cxd6 Qxd6 26. Ra7 Ba6 27. Rc1 Rxb4 28. Rxa6 Qb8 29.
Qa3 Kh7 30. Qd3+ g6 31. Rca1 Rb3 32. Qd4 Rb4 33. Qf6 Rb7 34. Ra8 1-0



[ePGN "0.1;DGT LiveChess/2.2.6"]

[Event "MČR juniorů a juniorek v rapid šachu 2024"]
[Site "Hotel Fit Fun, Harrachov, Czech Republic"]
[Date "2024.09.21"]
[Round "6.3"]
[White "Mikolas Petr"]
[Black "Lihotsky Lukas"]
[Result "1/2-1/2"]
[TimeControl "20+5"]
[WhiteFideId "23713224"]
[BlackFideId "23727004"]
[WhiteElo "1892"]
[BlackElo "1975"]

1. e4 c6 2. d4 d5 3. Nc3 dxe4 4.
Nxe4 Bf5 5. Ng3 Bg6 6.
h4 h6 7.
Nf3 Nd7 8. h5 Bh7 9. Bd3 Bxd3 10. Qxd3 e6 11. Bf4 Qa5+ 12. Bd2 Bb4 13. c3 Be7 14. c4 Qc7 15. Ne4 Ngf6 16. O-O-O Nxe4 17. Qxe4 Nf6 18.
Qe2 O-O 19. g4 Nh7 20. Ne5 c5 21. d5 exd5 22. cxd5 Bf6 23. f4 Rfe8 24. Bc3 Rad8 25. Qc4 Qd6 26. Rhf1 a6 27. a4 Rb8 28.
a5 b5 29. axb6 Rxb6 30. Qa4 Rbb8 31. Nc4 Qd8 32. Ba5 Qc8 33. d6 Qxg4 34. d7 Rf8 35. Bc7 Rb4 36. Qc2 Qe6 37. b3 Qh3 38.
Qd3 Rxb3 39. Qxh3 Rxh3 40. Ne5 Rxh5 41. d8=Q Bxd8 42. Bxd8 Rh2 43. Rd5 c4 44.
Nxc4 Re8 45. Ba5 Nf6 46. Rd2 Rxd2 47. Kxd2 Ne4+ 48. Kc2 Rc8 49. Kd3 Nc5+ 50. Kc3 Nb7 51. Bb4 a5 52. Ba3 Nc5 53. Bxc5 Rxc5 54. Kd4 Rb5 55. Ra1 1/2-1/2



[ePGN "0.1;DGT LiveChess/2.2.6"]

[Event "MČR juniorů a juniorek v rapid šachu 2024"]
[Site "Hotel Fit Fun, Harrachov, Czech Republic"]
[Date "2024.09.21"]
[Round "6.30"]
[White "Macova Marketa"]
[Black "Hudik Martin"]
[Result "0-1"]
[TimeControl "20+5"]
[WhiteFideId "23715588"]
[BlackFideId "23769947"]
[WhiteElo "1587"]
[BlackElo "1572"]

1. e4 c5 2. Nf3 d6 3. d4 cxd4 4. Nxd4 Nf6 5. Nc3 a6 6. Be2 e6 7. Be3 Be7 8. O-O O-O 9. Qd2 b5 10. a3 Bb7 11. f3 Nbd7 12.
Rad1 Rc8 13. Bd3 Nc5 14. Nce2 Nxd3 15. cxd3 Nd7 16. Rc1 Rxc1 17. Rxc1 Nc5 18. b4 Nd7 19. Qe1 Re8 20. Qg3 Ne5 21.
Rc3 Ng6 22. Qe1 d5 23. Qc1 dxe4 24. dxe4 Bd6 25. Bg5 Qb8 26. g3 h6 27. Be3 Ne5 28. Kg2 Nc4 29. Bf2 Rc8 30. Nb3 Qa8 31.
Nc5 Bxc5 32. Bxc5 Rd8 33. Rc2 Rd3 34. a4 Qd8 35. axb5 axb5 36. Qb1 Na3 37. Qb2 Nxc2 38. Qxc2 Rd2 0-1



[ePGN "0.1;DGT LiveChess/2.2.6"]

[Event "MČR juniorů a juniorek v rapid šachu 2024"]
[Site "Hotel Fit Fun, Harrachov, Czech Republic"]
[Date "2024.09.21"]
[Round "6.31"]
[White "Kopecka Libuse"]
[Black "Slivova Linda"]
[Result "0-1"]
[TimeControl "20+5"]
[WhiteFideId "23748826"]
[BlackFideId "23709294"]
[WhiteElo "1496"]
[BlackElo "1630"]

1. e4 d5 2. exd5 Qxd5 3. Nc3 Qd6 4. Nf3 Nf6 5. Bc4 Bg4 6. O-O c6 7. d3 Nbd7 8. Qe2 e6 9. Ne4 Qc7 10.
Bg5 O-O-O 11. Nxf6 gxf6 12. Bh4 Rg8 13. Qe3 Bd6 14. Bg3 Kb8 15. Nd2 f5 16. Bxd6 Qxd6 17. Qg3 f4 18. Qh4 Ne5 19.
Ne4 Qc7 20. Nf6 Nf3+ 21. gxf3 Bxf3+ 22. Nxg8 Rxg8+ 23. Qg3 fxg3 24. hxg3 Rxg3+ 25. Kh2 Rg2+ 26. Kh3 Qh2# 0-1



[ePGN "0.1;DGT LiveChess/2.2.6"]

[Event "MČR juniorů a juniorek v rapid šachu 2024"]
[Site "Hotel Fit Fun, Harrachov, Czech Republic"]
[Date "2024.09.21"]
[Round "6.32"]
[White "Plzak David"]
[Black "Dufkova Tereza"]
[Result "1-0"]
[TimeControl "20+5"]
[WhiteFideId "23776234"]
[BlackFideId "23744383"]
[WhiteElo "1625"]
[BlackElo "1601"]

1. e4 d5 2. exd5 Nf6 3. d4 Nxd5 4.
Nf3 Bg4 5. Be2 e6 6. Be3 Nd7 7. h3 Bf5 8. c3 Bd6 9. Nbd2 N7f6 10. Nc4 Bf4 11. Bxf4 Nxf4 12. Rg1 Qd5 13. Ne3 Qc6 14.
a4 Nxe2 15. Qxe2 O-O 16. Ne5 Qb6 17. g4 Be4 18. g5 Nd5 19. Nxd5 exd5 20. Nd7 Qg6 21. Nxf8 Rxf8 22. O-O-O Qf5 23.
h4 Bf3 24. Qe3 Bxd1 25. Rxd1 g6 26.
Re1 b6 27. Rh1 Qd7 28. b3 Re8 29. Qf3 Qd6 30. Kb2 c5 31. dxc5 bxc5 32. Rd1 Re5 33. Rd2 Qe6 34. Qd3 Kf8 35.
Qb5 c4 36. bxc4 dxc4 37. Qb8+ Kg7 38. Qxa7 Re4 39. Qc5 Rxh4 40. a5 Qe8 41. Rd4 Qb8+ 42. Kc2 Rxd4 1-0



[ePGN "0.1;DGT LiveChess/2.2.6"]

[Event "MČR juniorů a juniorek v rapid šachu 2024"]
[Site "Hotel Fit Fun, Harrachov, Czech Republic"]
[Date "2024.09.21"]
[Round "6.33"]
[White "Boff Vojtech"]
[Black "Musil Tomas"]
[Result "1-0"]
[TimeControl "20+5"]
[WhiteFideId "23733969"]
[BlackFideId "23762888"]
[WhiteElo "1719"]
[BlackElo "1519"]

1. d4 Nf6 2. Nf3 e6 3. c4 Bb4+ 4. Nbd2 O-O 5. a3 Bxd2+ 6. Bxd2 d5 7. e3 b6 8. Bb4 Re8 9. Be2 Bb7 10.
O-O Nbd7 11. Rc1 a5 12. Bc3 Ne4 13. cxd5 Bxd5 14. Qc2 Rc8 15. Bd2 c5 16. dxc5 Rxc5 17. Qb1 Qa8 18. b4 Nxd2 19.
Nxd2 Rxc1 20. Rxc1 Bxg2 21. e4 Bh3 22. Rc3 axb4 23. axb4 Bf5 24. exf5 exf5 25. Bb5 Qd5 26. Bxd7 Qxd7 27. Qd3 Re1+ 28. Nf1 Qxd3 29.
Rc8+ 1-0



[ePGN "0.1;DGT LiveChess/2.2.6"]

[Event "MČR juniorů a juniorek v rapid šachu 2024"]
[Site "Hotel Fit Fun, Harrachov, Czech Republic"]
[Date "2024.09.21"]
[Round "6.34"]
[White "Zadrapova Gabriela"]
[Black "Tichy Richard"]
[Result "1-0"]
[TimeControl "20+5"]
[WhiteFideId "23753056"]
[BlackFideId "23727063"]
[WhiteElo "1456"]
[BlackElo "1698"]

1. e4 e5 2. Nf3 Nf6 3. Nc3 Nc6 4. Bb5 a6 5. Bxc6 dxc6 6. Nxe5 Bd6 7. d4 O-O 8.
O-O c5 9. Re1 cxd4 10. Qxd4 c5 11. Qd3 Bxe5 12. f4 Qxd3 13. cxd3 Bc7 14. e5 Nh5 15.
Nd5 Ba5 16. Re2 Bf5 17. Ne7+ Kh8 18. Nxf5 g6 19.
Nd6 b5 20. g3 Rad8 21. Be3 Bb6 22. Rc1 f5 23. Bxc5 Bxc5+ 24. Rxc5 g5 25. fxg5 f4 26. g4 f3 27. Rf2 Ng7 28.
h4 Rf4 29. Kf1 Ne6 30. Rc6 a5 31. h5 Nxg5 32. Rc7 Kg8 33. h6 Ne6 34. Ra7 a4 35. Nxb5 Rxd3 36. Ke1 Re3+ 37. Kd1 Rd3+ 38. Kc2 Nc5 39. Rg7+ Kf8 40. Rxh7 Rxg4 41. Rc7 Rc4+ 42.
Nc3 a3 43. h7 Rh4 44. Rxc5 axb2 45. Kxd3 1-0



[ePGN "0.1;DGT LiveChess/2.2.6"]

[Event "MČR juniorů a juniorek v rapid šachu 2024"]
[Site "Hotel Fit Fun, Harrachov, Czech Republic"]
[Date "2024.09.21"]
[Round "6.35"]
[White "Jun Rostislav"]
[Black "Kopecka Anna"]
[Result "1-0"]
[TimeControl "20+5"]
[WhiteFideId "23719524"]
[BlackFideId "23767740"]
[WhiteElo "1641"]
[BlackElo "1431"]

1. e4 c5 2. Nf3 Nc6 3.
d4 cxd4 4. Nxd4 Nf6 5. Nc3 g6 6. Be3 Bg7 7. Be2 O-O 8. O-O Nxd4 9. Bxd4 d6 10. f4 Bd7 11. Kh1 Bc6 12. Bf3 Nd7 13.
Bxg7 Kxg7 14. a3 a5 15. Qe2 Qb6 16. Rab1 Nc5 17. Qf2 Rac8 18. h4 Nd7 19. Qg3 Qd8 20. Bg4 e6 21. Rbd1 Nf6 22.
Bf3 Rc7 23. e5 Bxf3 24. exf6+ Qxf6 25. Rxf3 d5 26. Qg5 Qxg5 27. hxg5 f6 28. Rd2 fxg5 29. fxg5 Rxf3 30. gxf3 Rc4 31. Kg2 Kf7 32. Kg3 Ke7 33.
f4 Kd6 34. Kf3 Rc5 35. Ne4+ 1-0



[ePGN "0.1;DGT LiveChess/2.2.6"]

[Event "MČR juniorů a juniorek v rapid šachu 2024"]
[Site "Hotel Fit Fun, Harrachov, Czech Republic"]
[Date "2024.09.21"]
[Round "6.36"]
[White "Vondra Filip"]
[Black "Krizan Jakub"]
[Result "0-1"]
[TimeControl "20+5"]
[WhiteFideId "23725176"]
[BlackFideId "23717017"]
[WhiteElo "1598"]
[BlackElo "1000"]

1. e4 c5 2. Nf3 Nc6 3. c4 e6 4. Nc3 Be7 5. d4 cxd4 6. Nxd4 Nxd4 7. Qxd4 Bf6 8. e5 Bg5 9. Be2 Bxc1 10. Rxc1 Ne7 11. O-O O-O 12. Rfd1 f6 13. exf6 Rxf6 14. Ne4 Rg6 15. Nc5 Nf5 16. Qd3 d6 17.
Bh5 Rh6 18. Qf3 Qe7 19. Ne4 Bd7 20. Bg4 Nh4 21. Qb3 Bc6 22. Nxd6 Qg5 23. f3 Rf8 24. Kf2 Bxf3 25. Bxf3 Qxg2+ 26. Ke3 Rxf3+ 27. Ke4 Qg4+ 28. Ke5 Rh5+ 29. Nf5 Rxb3 30. Rd8+ Kf7 31. Rd7+ Ke8 32. Re7+ Kd8 33. Rd1+ Kc8 34. Re8+ Kc7 35. Re7+ Kb6 36. Rd6+ Ka5 37. axb3 Rxf5 0-1



[ePGN "0.1;DGT LiveChess/2.2.6"]

[Event "MČR juniorů a juniorek v rapid šachu 2024"]
[Site "Hotel Fit Fun, Harrachov, Czech Republic"]
[Date "2024.09.21"]
[Round "6.4"]
[White "Rousek Jan"]
[Black "Markina Sofiia"]
[Result "0-1"]
[TimeControl "20+5"]
[WhiteFideId "386669"]
[BlackFideId "23744014"]
[WhiteElo "1958"]
[BlackElo "1885"]

1. d4 d5 2. Nf3 Nf6 3. g3 e6 4.
Bg2 Be7 5. O-O O-O 6. c4 dxc4 7. Qc2 a6 8. a4 Bd7 9. Rd1 Bc6 10. Nc3 Nbd7 11. e4 Nb6 12. Bg5 Ne8 13. Bxe7 Qxe7 14.
d5 Bd7 15. Ne5 Bc8 16. a5 exd5 17. axb6 Qxe5 18. Nxd5 c6 19. Ne3 Nd6 20. Qc3 Qxc3 21. bxc3 Nb5 22. Nxc4 Nxc3 23. Rd3 Nb5 24. Na5 Rb8 25. Rad1 Be6 26.
e5 Bf5 27. R3d2 Nc3 28. Ra1 Rfe8 29. f4 Be4 30. Bxe4 Nxe4 31. Rd7 Nc5 32. Rd4 Red8 33. Rad1 Ne6 34. Rd7 Rxd7 35. Rxd7 Nc5 36. Rc7 Kf8 37. Kf2 Na4 38. Nc4 Nc5 39.
Nd6 f6 40. exf6 gxf6 41. Rxh7 Kg8 42. Re7 a5 43. Re3 a4 44. h4 Rd8 45. Nc4 Nd3+ 46. Kf3 Rd4 47. Na5 Nc5 48. Ra3 Rb4 49.
h5 Rxb6 50. Nc4 Rb3+ 51. Rxb3 Nxb3 52.
Ke3 b5 53. Na3 b4 54. Nc2 c5 55.
Kd3 a3 56. Kc4 Nd4 0-1



[ePGN "0.1;DGT LiveChess/2.2.6"]

[Event "MČR juniorů a juniorek v rapid šachu 2024"]
[Site "Hotel Fit Fun, Harrachov, Czech Republic"]
[Date "2024.09.21"]
[Round "6.5"]
[White "Pejrimovska Viola Ruby"]
[Black "Slaby Matej"]
[Result "1-0"]
[TimeControl "20+5"]
[WhiteFideId "23709529"]
[BlackFideId "23734876"]
[WhiteElo "1876"]
[BlackElo "1948"]

1. e4 c6 2. d4 d5 3. e5 Bf5 4.
h4 h5 5.
Ne2 e6 6. Ng3 Bg6 7. c4 Ne7 8. Bg5 Qb6 9. Nc3 dxc4 10. Bxc4 Nd5 11. O-O Nxc3 12. bxc3 Na6 13. f4 Nc7 14.
f5 exf5 15. Rb1 Qa5 16. Rxb7 Qxc3 17. Qa4 Kd7 18. Ne2 1-0



[ePGN "0.1;DGT LiveChess/2.2.6"]